 Dungeon Crawl Stone Soup version 0.30-b1-2-g02819fbbbe (webtiles) character file.

Game seed: 9731083847982095578

146 nightchill the Spear-Bearer (level 5, 0/40 (43) HPs)
             Began as a Gnoll Wanderer on Jan 14, 2024.
             Slain by an orc priest
             ... wielding a +2 flail of draining
              (7 damage)
             ... on level 4 of the Dungeon.
             The game lasted 00:04:47 (2653 turns).

nightchill the Spear-Bearer (Gnoll Wanderer)        Turns: 2653, Time: 00:04:47

HP:   0/40 (43)     AC:  9    Str: 16    XL:     5   Next: 28%
MP:   9/9           EV:  7    Int: 12    God:
Gold: 164           SH:  0    Dex:  8    Spells: 10/10 levels left

rFire   . . .        a - +2 spear
rCold   . . .        (no shield)
rNeg    . . .        l - +0 chain mail
rPois   .            (no helmet)
rElec   .            (no cloak)
rCorr   .            (no gloves)
SInv    .            j - +0 pair of boots
Will    .....        (no amulet) Stlth
                     (no ring)
HPRegen 0.26/turn    (no ring)
MPRegen 0.11/turn

%: no passive effects
@: drained
A: fangs 1, strong nose, distributed training
a: no special abilities


You were on level 4 of the Dungeon.
You visited 1 branch of the dungeon, and saw 4 of its levels.

You collected 164 gold pieces.

Inventory:

Hand Weapons
 a - a +2 spear (weapon)
Missiles
 k - 2 javelins
 t - 6 poisoned darts (quivered)
Armour
 e - a +0 leather armour
 j - a +0 pair of boots (worn)
 l - a +0 chain mail (worn)
Wands
 c - a wand of flame (21)
Scrolls
 b - a scroll of teleportation
 d - 2 scrolls of fog
 f - a scroll of butterflies {unknown}
 h - 2 scrolls of enchant armour {unknown}
 i - 5 scrolls of identify {unknown}
 m - a scroll of amnesia {unknown}
 q - a scroll of magic mapping {unknown}
 s - a scroll of vulnerability {unknown}
Potions
 g - a potion of resistance {unknown}
 n - a potion of invisibility {unknown}
 o - a potion of lignification {unknown}
 p - a potion of flight {unknown}
 r - a potion of curing {unknown}
 u - a potion of magic {unknown}


   Skills:
 + Level 4.8 Fighting
 + Level 1.5 Short Blades
 + Level 1.5 Long Blades
 + Level 1.5 Axes
 + Level 1.5 Maces & Flails
 + Level 8.6 Polearms
 + Level 1.5 Staves
 + Level 1.5 Ranged Weapons
 + Level 1.5 Throwing
 + Level 1.5 Armour
 + Level 1.5 Dodging
 + Level 1.5 Stealth
 + Level 1.5 Shields
 + Level 4.8 Unarmed Combat
 + Level 3.2 Spellcasting
 + Level 1.2 Conjurations
 + Level 1.2 Hexes
 + Level 1.2 Summonings
 + Level 1.2 Necromancy
 + Level 1.2 Translocations
 + Level 1.2 Transmutations
 + Level 1.2 Fire Magic
 + Level 1.2 Ice Magic
 + Level 1.2 Air Magic
 + Level 1.2 Earth Magic
 + Level 1.2 Poison Magic
 + Level 1.7 Invocations
 + Level 3.0 Evocations


You had 10 spell levels left.
You didn't know any spells.
Your spell library was empty.

Dungeon Overview and Level Annotations

Branches:
Dungeon (4/15)
 Temple: D:4-7

Altars:
Makhleb
Trog
Uskayaw
Wu Jian


Innate Abilities, Weirdness & Mutations

You have very sharp teeth.
Your uncanny sense of smell can sniff out nearby items.
Your experience applies equally to all skills.


Message History

You completely miss the orc.
The orc is heavily wounded.
The orc priest calls down the wrath of Beogh upon you.
Beogh smites you!
An orc comes into view. It is wielding a +0 flail.
You are too injured to fight recklessly!
You are too injured to fight recklessly!
You are too injured to fight recklessly!
You barely miss the orc. You hit the orc.
The orc is moderately wounded.
You hit the orc.
You kill the orc!
You hit the orc.
You kill the orc!
The orc priest invokes the aid of Beogh against you.
Pain shoots through your body!
* * * LOW HITPOINT WARNING * * *
Items here: )) [ †.
The orc priest hits you but does no damage.
You feel drained.
You hit the orc priest.
The orc priest is moderately wounded.
The orc priest hits you with a +2 flail of draining!
* * * LOW HITPOINT WARNING * * *
You feel drained.
* * * LOW HITPOINT WARNING * * *
You hit the orc priest.
The orc priest is heavily wounded.
The orc priest hits you but does no damage.
You feel drained.
You hit the orc priest.
The orc priest is almost dead.
You hit the orc priest but do no damage.
The orc priest is almost dead.
The orc priest barely misses you.
You barely miss the orc priest.
The orc priest is almost dead.
The orc priest hits you with a +2 flail of draining!
You die...

#. #. .# #. .# #. .# #.
.# #. .#
###.##.#########.#
o.....oo@).......######
###.##o#####...........
#. #.###.######
#.#####.#....#
#.........<..#
#######.......# ∆
.......##### ∆ .....#..
#####.#.##


You could see an orc priest and 2 orcs.

Vanquished Creatures
  9 adders
  A worm (D:3)
  7 orcs
  8 endoplasms
  A giant cockroach (D:1)
  4 goblins
  5 hobgoblins
  3 jackals (D:3)
  A quokka (D:1)
  5 ball pythons
  5 bats
  2 frilled lizards (D:1)
  2 kobolds
  5 rats
58 creatures vanquished.

Notes
Turn   | Place    | Note
-------+----------+-------------------------------------------
     0 | D:1      | nightchill the Gnoll Wanderer began the quest for the Orb.
     0 | D:1      | nightchill set off with the following items: a +2 spear, a
                  | scroll of teleportation, a wand of flame (7), a scroll of
                  | fog, a +0 leather armour.
     0 | D:1      | Reached XP level 1. HP: 20/20 MP: 4/4
    88 | D:1      | Reached XP level 2. HP: 26/26 MP: 5/5
   833 | D:2      | Reached XP level 3. HP: 30/31 MP: 7/7
   840 | D:2      | Reached skill level 1 in Invocations
   908 | D:2      | Reached skill level 1 in Short Blades
   908 | D:2      | Reached skill level 1 in Long Blades
   908 | D:2      | Reached skill level 1 in Axes
   908 | D:2      | Reached skill level 1 in Maces & Flails
   908 | D:2      | Reached skill level 1 in Staves
   908 | D:2      | Reached skill level 1 in Ranged Weapons
   908 | D:2      | Reached skill level 1 in Throwing
   908 | D:2      | Reached skill level 1 in Armour
   908 | D:2      | Reached skill level 1 in Dodging
   908 | D:2      | Reached skill level 1 in Stealth
   908 | D:2      | Reached skill level 1 in Shields
   966 | D:2      | Reached XP level 4. HP: 31/38 MP: 8/8
  1587 | D:3      | Reached skill level 1 in Conjurations
  1587 | D:3      | Reached skill level 1 in Hexes
  1587 | D:3      | Reached skill level 1 in Summonings
  1587 | D:3      | Reached skill level 1 in Necromancy
  1587 | D:3      | Reached skill level 1 in Translocations
  1587 | D:3      | Reached skill level 1 in Transmutations
  1587 | D:3      | Reached skill level 1 in Fire Magic
  1587 | D:3      | Reached skill level 1 in Ice Magic
  1587 | D:3      | Reached skill level 1 in Air Magic
  1587 | D:3      | Reached skill level 1 in Earth Magic
  1587 | D:3      | Reached skill level 1 in Poison Magic
  1678 | D:3      | Found a burning altar of Makhleb.
  1679 | D:3      | Found a hide-covered altar of Uskayaw.
  2183 | D:3      | Reached XP level 5. HP: 40/43 MP: 9/9
  2473 | D:3      | Found an ornate altar of the Wu Jian Council.
  2473 | D:3      | Found a bloodstained altar of Trog.
  2653 | D:4      | Slain by an orc priest

Illustrated notes

Levels and vault maps discovered:
D:1:      lightli_arrival_noodles, layout_basic
D:2:      layout_loops_ring, hangedman_feature_mirror
D:3:      layout_basic, chequers_temple_overflow_statue_of_worship,
          gammafunk_temple_overflow_elements
D:4:      layout_basic, mainiacjoe_overflow_small_starburst

Skill      XL: |  1  2  3  4  5 |
---------------+----------------+-----
Invocations    | 1 |  1.7
Short Blades   | 1 |  1.5
Long Blades    | 1 |  1.5
Axes           | 1 |  1.5
Maces & Flails | 1 |  1.5
Staves         | 1 |  1.5
Ranged Weapons | 1 |  1.5
Throwing       | 1 |  1.5
Armour         | 1 |  1.5
Dodging        | 1 |  1.5
Stealth        | 1 |  1.5
Shields        | 1 |  1.5
Spellcasting   | 3 |  3.2
Conjurations   | 1 |  1.2
Hexes          | 1 |  1.2
Summonings     | 1 |  1.2
Necromancy     | 1 |  1.2
Translocations | 1 |  1.2
Transmutations | 1 |  1.2
Fire Magic     | 1 |  1.2
Ice Magic      | 1 |  1.2
Air Magic      | 1 |  1.2
Earth Magic    | 1 |  1.2
Poison Magic   | 1 |  1.2
Evocations     | 3 |  3.0
Fighting       | |  4.8
Polearms       | |  8.6
Unarmed Combat | |  4.8

Action                     |  1- 3 |  4- 6 || total
---------------------------+-------+-------++-------
  Melee: Spear             |    70 |   121 ||   191
         Bite              |     3 |     9 ||    12
         Punch             |     1 |     1 ||     2
 Armour: Leather armour    |     6 |       ||     6
         Chain mail        |    18 |    35 ||    53
  Dodge: Dodged            |    18 |    32 ||    50
